 Dungeon Sprint DCSS version 0.26.1-11-gd32895ea62 (webtiles) character file.

Game seed: 18003521567634282209

25852 eagelman13508 the Sensei (level 13, -11/87 HPs)
             Began as an Octopode Monk on June 20, 2021.
             Was the Champion of Jiyva.
             Mangled by a merfolk impaler
             ... wielding a +4 vorpal trident
              (23 damage)
             ... in the Dungeon (Sprint V: "Ziggurat Sprint").
             The game lasted 01:19:51 (673 turns).

eagelman13508 the Sensei (Octopode Monk)             Turns: 673, Time: 01:19:52

Health: -11/87     AC:  2    Str: 26    XL:     13   Next: 22%
Magic:  13/13      EV: 19    Int: 15    God:    Jiyva [******]
Gold:   0          SH: 40    Dex: 29    Spells: 12/12 levels left

rFire    + + .     SeeInvis +     - Unarmed
rCold    x . .     Faith    .   D - +18 shield of the Gong {rElec rN+ Will+ EV-5}
rNeg     + + +     Spirit   .   (helmet restricted)
rPois    +         Reflect  .   L - amulet of regeneration
rElec    +         Harm     .   u - ring of flight
rCorr    +         Rampage  .   U - ring "Higeafut" {Dex+5 Stlth+}
Will     +++..     NoTele   +   w - +6 ring of dexterity
Stlth    ++++++....             h - ring "Jiullorr" {Fire rN+}
HPRegen  0.64/turn              Q - ring of the Everdark {rElec Str+4 Dex+3 SInv}
MPRegen  0.13/turn              W - ring "Zawiuvviss" {rN++ Will+ Str+4}
                                A - +6 ring of strength
                                T - ring of Tograkuh {rF+ Will+ Slay+3 Stlth+}

@: studying Ice Magic
A: almost no armour, stealthy swim, amphibious, 8 rings, constrict 8, antennae
1, large bone plates 1, rugged brown scales 1, camouflage 1, sense surroundings
1, poison resistance, robust 1, eyeballs 1, gelatinous body 1, tendrils, jelly
absorbing missiles, MP-powered wands
a: Renounce Religion, Evoke Flight, Request Jelly, Slimify, Cure Bad Mutation


You were in the Dungeon.
You worshipped Jiyva.
Jiyva was exalted by your worship.
You visited 1 branch

Inventory:

Hand Weapons
 C - the +10 dark maul {vorpal}
   (You found it in the Dungeon)

   It inflicts extra damage upon your enemies.
 E - the +11 plutonium sword {*Contam Stlth-}
   (You found it in the Dungeon)

   It causes magical contamination when unequipped.
   It makes you less stealthy.
 F - a +5 battleaxe
 G - a +5 executioner's axe
Missiles
 N - 3 curare-tipped darts (quivered)
Armour
 D - the +18 shield of the Gong (worn) {rElec rN+ Will+ EV-5}
   (You found it in the Dungeon)

   It affects your evasion (-5).
   It insulates you from electricity.
   It protects you from negative energy.
   It affects your willpower, your defense against some magical effects.
 X - the -2 hat of the Alchemist {rElec rPois rF+ rC+ rN+ Will+ rMut rCorr}
   (You found it in the Dungeon)

   It protects you from fire.
   It protects you from cold.
   It insulates you from electricity.
   It protects you from poison.
   It protects you from negative energy.
   It affects your willpower, your defense against some magical effects.
   It provides partial protection from all sources of acid and corrosion.
   It protects you from mutation.
Jewellery
 h - the ring "Jiullorr" (on tentacle) {Fire rN+}
   (You found it in the Dungeon)

   [ring of fire]

   It enhances your fire magic.
   It protects you from fire.
   It makes you vulnerable to cold.
   It protects you from negative energy.
 u - a ring of flight (left tentacle)
 v - a +6 ring of dexterity
 w - a +6 ring of dexterity (on tentacle)
 x - a +6 ring of intelligence
 y - a +6 ring of intelligence
 z - a +6 ring of strength
 A - a +6 ring of strength (on tentacle)
 I - an uncursed amulet of guardian spirit
 J - an uncursed ring of ice
 L - an amulet of regeneration (around mantle)
 Q - the ring of the Everdark (on tentacle) {rElec Str+4 Dex+3 SInv}
   (You found it in the Dungeon)

   [ring of see invisible]

   It affects your strength (+4).
   It affects your dexterity (+3).
   It insulates you from electricity.
   It lets you see invisible.
 R - a +6 ring of dexterity
 T - the ring of Tograkuh (on tentacle) {rF+ Will+ Slay+3 Stlth+}
   (You found it in the Dungeon)

   [ring of stealth]

   It affects your accuracy and damage with ranged weapons and melee attacks
   (+3).
   It protects you from fire.
   It affects your willpower, your defense against some magical effects.
   It makes you more stealthy.
 U - the ring "Higeafut" (right tentacle) {Dex+5 Stlth+}
   (You found it in the Dungeon)

   [ring of stealth]

   It affects your dexterity (+5).
   It makes you more stealthy.
 V - the ring of Taicryeg {+Blink Int+4 Stlth-}
   (You found it in the Dungeon)

   [ring of attention]

   It affects your intelligence (+4).
   It lets you blink.
   It makes you less stealthy.
 W - the ring "Zawiuvviss" (on tentacle) {rN++ Will+ Str+4}
   (You found it in the Dungeon)

   [ring of willpower]

   It affects your strength (+4).
   It greatly protects you from negative energy.
   It affects your willpower, your defense against some magical effects.
 Y - the amulet of Xihem {rElec rF+++ Regen+ Dex-4 Stlth-}
   (You found it in the Dungeon)

   [amulet of regeneration]

   It affects your dexterity (-4).
   It renders you almost immune to fire.
   It insulates you from electricity.
   It increases your rate of regeneration.
   It makes you less stealthy.
 Z - an uncursed ring of fire
Wands
 r - a wand of disintegration (7)
 t - a wand of acid (5)
Scrolls
 f - 3 scrolls of blinking
 l - 4 scrolls of amnesia
 m - 7 scrolls of fog
 n - a scroll of holy word
 o - 5 scrolls of identify
 p - 5 scrolls of remove curse
 q - 2 scrolls of fear
 O - 4 scrolls of enchant weapon
 P - 2 scrolls of brand weapon
Potions
 a - 9 potions of curing
 b - 4 potions of heal wounds
 c - 3 potions of haste
 d - 7 potions of magic
 e - 3 potions of berserk rage
 g - 2 potions of brilliance
 i - 2 potions of resistance
 k - 3 potions of might
Books
 K - a manual of Ice Magic
Miscellaneous
 j - a box of beasts (inert)
 B - a lightning rod (1/4)
 H - a tin of tremorstones (2/2)
 M - a phantom mirror
 S - a phial of floods


   Skills:
 + Level 3.1 Fighting
 + Level 0.5 Throwing
 + Level 9.6 Dodging
 - Level 2.6 Stealth
 + Level 21.2 Shields
 + Level 21.6 Unarmed Combat
 + Level 4.3 Evocations


You had 12 spell levels left.
You didn't know any spells.
Your spell library contained the following spells:

 Spells                   Type           Power        Failure   Level
 Animate Skeleton         Necr           0%           26%         1
 Apportation              Tloc           0%           26%         1
 Corona                   Hex            0%           26%         1
 Foxfire                  Conj/Fire      0%           26%         1
 Pain                     Necr           0%           26%         1
 Shock                    Conj/Air       0%           26%         1
 Sting                    Tmut/Pois      0%           26%         1
 Summon Small Mammal      Summ           0%           26%         1
 Call Imp                 Summ           0%           38%         2
 Corpse Rot               Necr/Air       N/A          38%         2
 Ensorcelled Hibernation  Hex/Ice        0%           38%         2
 Passwall                 Tmut/Erth      0%           38%         2
 Poisonous Vapours        Pois/Air       0%           38%         2
 Sublimation of Blood     Necr           0%           38%         2
 Swiftness                Air            0%           38%         2
 Confusing Touch          Hex            0%           63%         3
 Conjure Flame            Conj/Fire      0%           63%         3
 Dazzling Flash           Conj/Hex       0%           63%         3
 Frozen Ramparts          Ice            0%           63%         3
 Gell's Gravitas          Tloc           0%           63%         3
 Ignite Poison            Fire/Tmut/Pois 0%           63%         3
 Lesser Beckoning         Tloc           0%           63%         3
 Mephitic Cloud           Conj/Pois/Air  0%           63%         3
 Static Discharge         Conj/Air       0%           63%         3
 Stone Arrow              Conj/Erth      0%           63%         3
 Tukima's Dance           Hex            0%           63%         3
 Vampiric Draining        Necr           0%           63%         3
 Airstrike                Air            0%           95%         4
 Animate Dead             Necr           0%           95%         4
 Cause Fear               Hex            0%           95%         4
 Dispel Undead            Necr           0%           95%         4
 Leda's Liquefaction      Hex/Erth       0%           95%         4
 Petrify                  Tmut/Erth      0%           95%         4
 Summon Ice Beast         Ice/Summ       0%           95%         4
 Summon Lightning Spire   Summ/Air       0%           95%         4
 Agony                    Necr           0%           100%        5
 Alistair's Intoxication  Tmut/Pois      0%           100%        5
 Bolt of Magma            Conj/Fire/Erth 0%           100%        5
 Irradiate                Conj/Tmut      0%           100%        5
 Lightning Bolt           Conj/Air       0%           100%        5
 Metabolic Englaciation   Hex/Ice        0%           100%        5
 Silence                  Hex/Air        0%           100%        5
 Summon Demon             Summ           0%           100%        5
 Summon Forest            Summ/Tloc      0%           100%        5
 Summon Mana Viper        Hex/Summ       0%           100%        5
 Yara's Violent Unravell  Hex/Tmut       0%           100%        5
 Conjure Ball Lightning   Conj/Air       0%           100%        6
 Eringya's Noxious Bog    Tmut/Pois      0%           100%        6
 Freezing Cloud           Conj/Ice/Air   0%           100%        6
 Hydra Form               Tmut           0%           100%        6
 Invisibility             Hex            0%           100%        6
 Iron Shot                Conj/Erth      0%           100%        6
 Statue Form              Tmut/Erth      0%           100%        6
 Dragon Form              Tmut           0%           100%        7
 Chain Lightning          Conj/Air       0%           100%        8
 Discord                  Hex            0%           100%        8
 Ignition                 Fire           0%           100%        8
 Lehudib's Crystal Spear  Conj/Erth      0%           100%        8
 Absolute Zero            Ice            0%           100%        9
 Dragon's Call            Summ           0%           100%        9
 Fire Storm               Conj/Fire      0%           100%        9
 Shatter                  Erth           0%           100%        9


Dungeon Overview and Level Annotations

Branches:
Dungeon (1/1)

Altars:
Ashenzari
Cheibriados
Dithmenos
Elyvilon
Fedhas
Gozag
Hepliaklqana
Kikubaaqudgha
Makhleb
Nemelex Xobeh
Okawaru
Qazlal
Ru
Sif Muna
Trog
Uskayaw
Vehumet
Wu Jian
Xom
Yredelemnul
Zin
The Shining One
Beogh
Jiyva
Lugonu

Annotations:
D 1 transporter


Innate Abilities, Weirdness & Mutations

You cannot wear most types of armour.
You are very stealthy in the water. (Stealth+)
You are amphibious.
You can wear up to eight rings at the same time.
You can use your tentacles to constrict eight enemies at once.
Your skin changes colour to match your surroundings (Stealth+).
Your rubbery body absorbs attacks. (AC +1, EV +1)
You have a pair of small antennae on your head.
You are partially covered in large bone plates. (SH +4)
You are partially covered in rugged brown scales. (AC +1, +3% HP)
You passively map a small area around you.
Your system is resistant to poisons. (rPois)
You are robust. (+10% HP)
Your body has grown golden eyes which may confuse attackers. (Acc +3)
You are covered in slimy tendrils that may disarm your opponents.
You have a small jelly attached to you that may absorb incoming projectiles.
You expend magic power (3 MP) to strengthen your wands.


Message History

You shudder from the blow and a jelly pops out!
The manticore misses you. The manticore claws you.
* * * LOW HITPOINT WARNING * * *
You block the merfolk impaler's attack.
PANG!
The merfolk siren chants a haunting song.
You resist with almost no effort. You block the merfolk impaler's attack.
BOUMMMMG!
The merfolk avatar chants a haunting song.
You resist with almost no effort. The merfolk siren barely misses you.
Your juvenile shocksting beast hits the snapping turtle but does no damage.
Your juvenile shocksting beast stings the snapping turtle.
The snapping turtle bites your juvenile shocksting beast!!
You block the merfolk's attack.
GONNNNG!
You hear a distant slurping noise.
Jiyva alters your body.
You feel your magical essence link to the dungeon's wands.
You feel better.
The merfolk impaler hits you from afar with a +4 vorpal trident!!
You die...

....)).._▓▓..=)≈)}|=[})| ▓..|)}[
........8▓▓..}}|}=)::)!). ▓.....)
........_▓▓....≈≈.....≈.≈≈▓......
........8▓▓..≈.m.......≈≈.▓......
........_▓▓....ccEm..≈.≈≈≈▓......
........8▓▓..m†HmHm.....≈≈▓......
........_▓▓≈.cmtmmmm.≈....▓......
........8▓▓≈...H(H..≈.....▓......
<......._▓▓....J@HJ≈.....≈▓......
........8▓▓.≈..≈.≈≈.......▓......
........_▓▓...▓≈≈≈.≈.≈▓.≈≈▓......
8_8_8_8_8▓▓...≈...≈.≈.≈.≈≈▓......
▓▓▓▓▓▓▓▓▓▓▓..≈....≈..≈...≈▓▓▓▓▓▓▓
▓.≈..≈≈.©≈.≈.≈..▓J....8 , ,, ,
▓▓▓▓▓▓▓▓▓▓▓▓▓▓▓▓▓...... * , ,
,▓...).. ,, , ,, , ▓......


You could see a merfolk avatar, 4 merfolk impalers, a merfolk javelineer, 2
satyrs, a snapping turtle (corroded), a merfolk, a faun (strong), 4 manticores,
a water elemental, 3 merfolk sirens, a friendly azure jelly (summoned), a
friendly juvenile shocksting beast (summoned) and a friendly death ooze
(summoned).

Vanquished Creatures
  2 Orb Guardians (D)
  A quicksilver dragon (D)
  A reaper (D)
  A very ugly thing (D)
  A black draconian (D)
  A green draconian (D)
  2 purple draconians (D)
  A red draconian (D)
  2 ice dragons (D)
  A death yak (D)
  A draconian (D)
  A merfolk siren (D)
  A black mamba (D)
  2 hellions (D)
  2 komodo dragons (D)
  A freezing wraith (D)
  2 tormentors (D)
  A rime drake (D)
  5 ice devils (D)
  A jumping spider (D)
  A polar bear (D)
  2 hornets (D)
  A blink frog (D)
  2 air elementals (D)
  4 spriggans (D)
  2 shadows (D)
  A wyvern (D)
  A basilisk (D)
  A yak (D)
  A neqoxec (D)
  3 water moccasins (D)
  3 ice beasts (D)
  3 phantoms (D)
  A black bear (D)
  4 necrophages (D)
  2 wolves (D)
  A bullfrog (D)
  3 scorpions (D)
  A wight (D)
  A crimson imp (D)
  An adder (D)
  2 river rats (D)
  4 white imps (D)
  4 adder skeletons (D)
  3 adder zombies (D)
  2 bat skeletons (D)
  3 bat zombies (D)
  2 ball pythons (D)
  2 giant cockroach zombies (D)
  2 jackal zombies (D)
  A leopard gecko skeleton (D)
  A leopard gecko zombie (D)
95 creatures vanquished.

Vanquished Creatures (collateral kills)
  A death cob (D)
  A very ugly thing (D)
  A purple draconian (D)
  3 green draconians (D)
  2 yellow draconians (D)
  4 draconians (D)
  A cane toad (D)
  A rime drake (D)
  A hellion (D)
  A wind drake (D)
  A wyvern (D)
  2 wraiths (D)
  A steam dragon (D)
  An acid dragon (D)
  A swamp drake (D)
  A necrophage (D)
  A white imp (D)
  An adder zombie (D)
  2 bat skeletons (D)
  A bat zombie (D)
  A quokka skeleton (D)
29 creatures vanquished.

Vanquished Creatures (others)
  An anaconda (shapeshifter) (D)
  A glowing orange brain (shapeshifter) (D)
  A shining eye (D)
  A manticore (D)
  A slime creature (shapeshifter) (D)
  A redback (shapeshifter) (D)
  A steam dragon (D)
  A human (shapeshifter) (D)
  A floating eye (shapeshifter) (D)
  A crimson imp (D)
  2 jellies (D)
  An iguana (shapeshifter) (D)
13 creatures vanquished.

Grand Total: 137 creatures vanquished

Notes
Turn   | Place    | Note
-------+----------+-------------------------------------------
     0 | D        | eagelman13508 the Octopode Monk began the quest for the
                  | Orb.
     0 | D        | Reached XP level 1. HP: 16/16 MP: 1/1
     0 | D        | Found a shimmering blue altar of Sif Muna.
     0 | D        | Found a sacrificial altar of Ru.
     0 | D        | Found a bloodstained altar of Trog.
     0 | D        | Found a stormy altar of Qazlal.
     0 | D        | Found an iron altar of Okawaru.
     0 | D        | Found a sparkling altar of Nemelex Xobeh.
     0 | D        | Found a blossoming altar of Fedhas.
     1 | D        | Found the +6 Majin-Bo {vamp, MP+6 Int+6}
     1 | D        | Found the +9 heavy crossbow "Sniper" {vorpal, Acc+∞ SInv}
     1 | D        | Found the +10 dark maul {vorpal}
     1 | D        | Found the +15 Maxwell's patent armour {-Cast -Tele rElec
                  | Will+ rCorr}
     1 | D        | Found the +18 shield of the Gong {rElec rN+ Will+ EV-5}
     1 | D        | Found the cursed +14 obsidian axe {vorpal, +Fly SInv
                  | *Curse}
     1 | D        | Found the +7 great mace "Firestarter" {inner flame, rF++}
     1 | D        | Found the +6 shillelagh "Devastator" {shatter}
     1 | D        | Found the +11 plutonium sword {*Contam Stlth-}
     1 | D        | Found the +8 lance "Wyrmbane" {slay drac, rPois rF+ rC+
                  | AC+3}
     1 | D        | Found the +9 sword of Zonguldrok {reap}
     1 | D        | Found the cursed +13 scythe of Curses {drain, *Curse}
     1 | D        | Found the +5 sword of Power {vorpal}
     1 | D        | Found the +7 mace of Variability {chain chaos}
     1 | D        | Found the +7 Singing Sword {vorpal, sonic wave}
     1 | D        | Found the +8 storm bow {elec, penet}
     2 | D        | Found a transporter.
     2 | D        | Found an ancient bone altar of Kikubaaqudgha.
     2 | D        | Found a viscous altar of Jiyva.
     2 | D        | Found a corrupted altar of Lugonu.
     2 | D        | Found a hazy altar of Hepliaklqana.
     2 | D        | Found a burning altar of Makhleb.
     2 | D        | Found an opulent altar of Gozag.
    77 | D        | Became a worshipper of Jiyva Jiteg the Shapeless
    77 | D        | Reached * piety under Jiyva
    77 | D        | Reached ** piety under Jiyva
    77 | D        | Reached *** piety under Jiyva
    77 | D        | Gained mutation: You expend magic power (3 MP) to
                  | strengthen your wands. [Jiyva's grace]
    77 | D        | Reached **** piety under Jiyva
    77 | D        | Lost mutation: You expend magic power (3 MP) to strengthen
                  | your wands. [Jiyva's grace]
    77 | D        | Reached ***** piety under Jiyva
    77 | D        | Gained mutation: You have an increased reservoir of magic.
                  | (+10% MP) [Jiyva's grace]
    77 | D        | Reached ****** piety under Jiyva
    77 | D        | Gained mutation: You are covered in slimy tendrils that may
                  | disarm your opponents. [Jiyva's grace]
    77 | D        | Gained mutation: You are partially covered in thin metallic
                  | scales. (AC +2) [Jiyva's grace]
    77 | D        | Gained mutation: You are robust. (+10% HP) [Jiyva's grace]
    77 | D        | Lost mutation: You are robust. (+10% HP) [Jiyva's grace]
    77 | D        | Gained mutation: You have acidic saliva. [Jiyva's grace]
    77 | D        | Lost mutation: You have acidic saliva. [Jiyva's grace]
    77 | D        | Lost mutation: You have an increased reservoir of magic.
                  | (+10% MP) [Jiyva's grace]
    77 | D        | Gained mutation: You expend magic power (3 MP) to
                  | strengthen your wands. [Jiyva's grace]
    77 | D        | Gained mutation: You have a small jelly attached to you
                  | that senses nearby items. [Jiyva's grace]
    77 | D        | Gained mutation: One of your tentacles bears a spike.
                  | [Jiyva's grace]
    77 | D        | Gained mutation: Your flesh is heat resistant. (rF+)
                  | [Jiyva's grace]
    77 | D        | Gained mutation: Armour fits poorly on your pseudopods.
                  | [Jiyva's grace]
    77 | D        | Gained mutation: Your pliable body absorbs attacks. (AC +2,
                  | EV +2) [Jiyva's grace]
    77 | D        | Lost mutation: You expend magic power (3 MP) to strengthen
                  | your wands. [Jiyva's grace]
    77 | D        | Gained mutation: You have acidic saliva. [Jiyva's grace]
    77 | D        | Lost mutation: Your pliable body absorbs attacks. (AC +2,
                  | EV +2) [Jiyva's grace]
    77 | D        | Lost mutation: One of your tentacles bears a spike.
                  | [Jiyva's grace]
    77 | D        | Lost mutation: You have acidic saliva. [Jiyva's grace]
    77 | D        | Gained mutation: You have acidic saliva. [Jiyva's grace]
    80 | D        | Reached skill level 5 in Shields
    80 | D        | Reached XP level 2. HP: 21/21 MP: 2/2
    80 | D        | Gained mutation: One of your tentacles bears a spike.
                  | [Jiyva's grace]
    80 | D        | Lost mutation: One of your tentacles bears a spike.
                  | [Jiyva's grace]
    80 | D        | Lost mutation: You are partially covered in thin metallic
                  | scales. (AC +2) [Jiyva's grace]
    80 | D        | Gained mutation: You are partially covered in yellow
                  | scales. (AC +2) [Jiyva's grace]
    80 | D        | Lost mutation: Your flesh is heat resistant. (rF+) [Jiyva's
                  | grace]
    80 | D        | Lost mutation: You are partially covered in yellow scales.
                  | (AC +2) [Jiyva's grace]
    82 | D        | Entered arena 2.
    82 | D        | Noticed a polar bear
    82 | D        | Noticed a polar bear
    82 | D        | Found a transporter.
    83 | D        | Gained mutation: You are partially covered in iridescent
                  | scales. (AC +2) [Jiyva's grace]
    83 | D        | Lost mutation: You are covered in slimy tendrils that may
                  | disarm your opponents. [Jiyva's grace]
    83 | D        | Lost mutation: Armour fits poorly on your pseudopods.
                  | [Jiyva's grace]
    83 | D        | Lost mutation: You are partially covered in iridescent
                  | scales. (AC +2) [Jiyva's grace]
    84 | D        | Killed an anaconda
    85 | D        | Killed a polar bear
    85 | D        | Gained mutation: You are robust. (+10% HP) [Jiyva's grace]
    85 | D        | Gained mutation: You are covered in slimy tendrils that may
                  | disarm your opponents. [Jiyva's grace]
    85 | D        | Lost mutation: You are robust. (+10% HP) [Jiyva's grace]
    86 | D        | Reached XP level 3. HP: 26/26 MP: 3/3
    86 | D        | Reached XP level 4. HP: 31/31 MP: 4/4
    86 | D        | Reached XP level 5. HP: 36/36 MP: 5/5
    90 | D        | Lost mutation: You have acidic saliva. [Jiyva's grace]
    90 | D        | Lost mutation: You are covered in slimy tendrils that may
                  | disarm your opponents. [Jiyva's grace]
    90 | D        | Gained mutation: Your system is resistant to poisons.
                  | (rPois) [Jiyva's grace]
    90 | D        | Gained mutation: Your muscles are strong. (Str +2) [Jiyva's
                  | grace]
    91 | D        | Lost mutation: Your system is resistant to poisons. (rPois)
                  | [Jiyva's grace]
    92 | D        | Slimified a polar bear
    92 | D        | a polar bear changed into a jelly
    92 | D        | Gained mutation: Your body has grown golden eyes which may
                  | confuse attackers. (Acc +3) [Jiyva's grace]
    94 | D        | Gained mutation: Your spells are a little easier to cast,
                  | but a little less powerful. [Jiyva's grace]
    97 | D        | Lost mutation: You have a small jelly attached to you that
                  | senses nearby items. [Jiyva's grace]
    99 | D        | Entered arena 3.
    99 | D        | Noticed a yak
    99 | D        | Lost mutation: Your muscles are strong. (Str +2) [Jiyva's
                  | grace]
    99 | D        | Gained mutation: You are partially covered in large bone
                  | plates. (SH +4) [Jiyva's grace]
    99 | D        | Found a transporter.
   100 | D        | Gained mutation: Your flesh is cold resistant. (rC+)
                  | [Jiyva's grace]
   105 | D        | Reached XP level 6. HP: 42/42 MP: 6/6
   107 | D        | Gained mutation: You have acidic saliva. [Jiyva's grace]
   108 | D        | Killed a yak
   108 | D        | Lost mutation: You have acidic saliva. [Jiyva's grace]
   108 | D        | Gained mutation: One of your tentacles bears a spike.
                  | [Jiyva's grace]
   108 | D        | Lost mutation: One of your tentacles bears a spike.
                  | [Jiyva's grace]
   108 | D        | Gained mutation: You are covered in fur. (AC +1) [Jiyva's
                  | grace]
   108 | D        | Lost mutation: Your spells are a little easier to cast, but
                  | a little less powerful. [Jiyva's grace]
   108 | D        | Gained mutation: You have a small jelly attached to you
                  | that may absorb incoming projectiles. [Jiyva's grace]
   108 | D        | Lost mutation: You have a small jelly attached to you that
                  | may absorb incoming projectiles. [Jiyva's grace]
   108 | D        | Gained mutation: You are partially covered in icy blue
                  | scales. (AC +2) [Jiyva's grace]
   109 | D        | Reached skill level 10 in Unarmed Combat
   110 | D        | Lost mutation: Your body has grown golden eyes which may
                  | confuse attackers. (Acc +3) [Jiyva's grace]
   110 | D        | Gained mutation: Your muscles are strong. (Str +2) [Jiyva's
                  | grace]
   110 | D        | Lost mutation: Your flesh is cold resistant. (rC+) [Jiyva's
                  | grace]
   112 | D        | Gained mutation: You are partially covered in thin metallic
                  | scales. (AC +2) [Jiyva's grace]
   113 | D        | Entered arena 4.
   113 | D        | Noticed a jumping spider
   113 | D        | Found a transporter.
   116 | D        | Reached XP level 7. HP: 46/46 MP: 7/7
   116 | D        | Gained mutation: You can translocate small distances at
                  | will. [Jiyva's grace]
   119 | D        | Killed a jumping spider
   121 | D        | Gained mutation: Your system is resistant to poisons.
                  | (rPois) [Jiyva's grace]
   124 | D        | Gained mutation: You have acidic saliva. [Jiyva's grace]
   126 | D        | Entered arena 5.
   126 | D        | Found a transporter.
   127 | D        | Lost mutation: Your muscles are strong. (Str +2) [Jiyva's
                  | grace]
   128 | D        | Killed a glowing orange brain
   131 | D        | Gained mutation: You passively map a small area around you.
                  | [Jiyva's grace]
   131 | D        | Lost mutation: You can translocate small distances at will.
                  | [Jiyva's grace]
   131 | D        | Killed a slime creature
   133 | D        | Lost mutation: You have acidic saliva. [Jiyva's grace]
   135 | D        | Reached XP level 8. HP: 52/52 MP: 8/8
   136 | D        | Gained mutation: One of your tentacles bears a spike.
                  | [Jiyva's grace]
   139 | D        | Gained mutation: Your body has grown golden eyes which may
                  | confuse attackers. (Acc +3) [Jiyva's grace]
   141 | D        | Lost mutation: You passively map a small area around you.
                  | [Jiyva's grace]
   144 | D        | Lost mutation: One of your tentacles bears a spike.
                  | [Jiyva's grace]
   148 | D        | Entered arena 6.
   148 | D        | Noticed an air elemental
   148 | D        | Noticed an air elemental
   148 | D        | Noticed an air elemental
   148 | D        | Noticed an air elemental
   148 | D        | Noticed an air elemental
   148 | D        | Found a transporter.
   150 | D        | Gained mutation: You are agile. (Dex +2) [Jiyva's grace]
   153 | D        | Entered arena 7.
   153 | D        | Noticed a black mamba
   154 | D        | Lost mutation: You are partially covered in thin metallic
                  | scales. (AC +2) [Jiyva's grace]
   157 | D        | Killed an air elemental
   160 | D        | Gained mutation: You evolve. [Jiyva's grace]
   162 | D        | Killed an air elemental
   165 | D        | Lost mutation: You are agile. (Dex +2) [Jiyva's grace]
   167 | D        | Killed a black mamba
   168 | D        | Reached skill level 10 in Shields
   173 | D        | Reached XP level 9. HP: 56/56 MP: 9/9
   173 | D        | Found a transporter.
   174 | D        | Lost mutation: You are covered in fur. (AC +1) [Jiyva's
                  | grace]
   180 | D        | Got the Reference Book on the Unholy Birds
   180 | D        | Lost mutation: Your system is resistant to poisons. (rPois)
                  | [Jiyva's grace]
   185 | D        | Entered arena 8.
   185 | D        | Noticed a rime drake
   185 | D        | Lost mutation: You evolve. [Jiyva's grace]
   188 | D        | Found a transporter.
   190 | D        | Killed a rime drake
   192 | D        | Gained mutation: You have a small jelly attached to you
                  | that senses nearby items. [Jiyva's grace]
   192 | D        | Killed a shining eye
   195 | D        | Reached skill level 15 in Unarmed Combat
   198 | D        | Gained mutation: Your system is resistant to poisons.
                  | (rPois) [Jiyva's grace]
   202 | D        | Lost mutation: Your system is resistant to poisons. (rPois)
                  | [Jiyva's grace]
   205 | D        | Entered arena 9.
   205 | D        | Noticed a spriggan rider
   205 | D        | Noticed a spriggan rider
   206 | D        | Found a transporter.
   206 | D        | Gained mutation: Your pliable body absorbs attacks. (AC +2,
                  | EV +2) [Jiyva's grace]
   210 | D        | Lost mutation: Your pliable body absorbs attacks. (AC +2,
                  | EV +2) [Jiyva's grace]
   214 | D        | Killed a hornet
   216 | D        | Killed a hornet
   217 | D        | Reached XP level 10. HP: 63/63 MP: 10/10
   217 | D        | Lost mutation: You are partially covered in large bone
                  | plates. (SH +4) [Jiyva's grace]
   223 | D        | Lost mutation: You are partially covered in icy blue
                  | scales. (AC +2) [Jiyva's grace]
   228 | D        | Gained mutation: Your spells are a little harder to cast,
                  | but a little more powerful. [Jiyva's grace]
   232 | D        | Got the Volume of Freezing Creation
   233 | D        | Gained mutation: Your pliable body absorbs attacks. (AC +2,
                  | EV +2) [Jiyva's grace]
   233 | D        | Gained mutation: You have acidic saliva. [Jiyva's grace]
   233 | D        | Gained mutation: Armour fits poorly on your pseudopods.
                  | [Jiyva's grace]
   236 | D        | Entered arena 10.
   236 | D        | Lost mutation: Your spells are a little harder to cast, but
                  | a little more powerful. [Jiyva's grace]
   237 | D        | Found a transporter.
   240 | D        | Gained mutation: Scrolls take you a little longer to read.
                  | [Jiyva's grace]
   246 | D        | Lost mutation: Scrolls take you a little longer to read.
                  | [Jiyva's grace]
   247 | D        | Gained mutation: You possess an exceptional clarity of
                  | mind. [Jiyva's grace]
   251 | D        | Gained mutation: Your gelatinous body deflects attacks. (AC
                  | +3, EV +3) [Jiyva's grace]
   251 | D        | Lost mutation: You possess an exceptional clarity of mind.
                  | [Jiyva's grace]
   255 | D        | Gained mutation: You are partially covered in rugged brown
                  | scales. (AC +1, +3% HP) [Jiyva's grace]
   262 | D        | Gained mutation: You expend magic power (3 MP) to
                  | strengthen your wands. [Jiyva's grace]
   263 | D        | Entered arena 11.
   263 | D        | Noticed a draconian
   263 | D        | Noticed a yellow draconian
   263 | D        | Noticed a death cob
   263 | D        | Noticed a green draconian
   263 | D        | Noticed a green draconian
   263 | D        | Noticed a draconian
   263 | D        | Noticed a draconian
   263 | D        | Noticed a draconian
   263 | D        | Noticed a draconian
   267 | D        | Gained mutation: Your body has grown many golden eyes which
                  | may confuse attackers. (Acc +5) [Jiyva's grace]
   268 | D        | Killed a death cob
   269 | D        | Found a transporter.
   271 | D        | Killed a draconian
   272 | D        | Reached skill level 15 in Shields
   272 | D        | Gained mutation: You possess an exceptional clarity of
                  | mind. [Jiyva's grace]
   273 | D        | Killed a green draconian
   273 | D        | Killed a draconian
   275 | D        | Killed a draconian
   275 | D        | Killed a draconian
   276 | D        | Killed a yellow draconian
   277 | D        | Reached XP level 11. HP: 47/69 MP: 11/11
   280 | D        | Killed a green draconian
   281 | D        | Gained mutation: You are agile. (Dex +2) [Jiyva's grace]
   282 | D        | Killed a draconian
   286 | D        | Gained mutation: One of your tentacles bears a spike.
                  | [Jiyva's grace]
   286 | D        | Lost mutation: You expend magic power (3 MP) to strengthen
                  | your wands. [Jiyva's grace]
   286 | D        | Lost mutation: You are partially covered in rugged brown
                  | scales. (AC +1, +3% HP) [Jiyva's grace]
   286 | D        | Lost mutation: Armour fits poorly on your pseudopods.
                  | [Jiyva's grace]
   290 | D        | Got the +1 cloak of the Hare {+Inv Will+ Int+4 SInv}
   292 | D        | Lost mutation: One of your tentacles bears a spike.
                  | [Jiyva's grace]
   303 | D        | Entered arena 12.
   303 | D        | Noticed a death yak
   305 | D        | Found a transporter.
   316 | D        | Killed a death yak
   320 | D        | Gained mutation: Your spells are a little harder to cast,
                  | but a little more powerful. [Jiyva's grace]
   335 | D        | Gained mutation: Your body is covered in golden eyes which
                  | may confuse attackers. (Acc +7, SInv) [Jiyva's grace]
   350 | D        | Gained mutation: You are dopey. (Int -2) [Jiyva's grace]
   356 | D        | Entered arena 13.
   356 | D        | Noticed a purple draconian
   356 | D        | Noticed a quicksilver dragon
   356 | D        | Noticed a purple draconian
   356 | D        | Noticed a green draconian
   356 | D        | Noticed a black draconian
   358 | D        | Noticed an Orb Guardian
   358 | D        | Noticed a purple draconian
   359 | D        | Noticed a red draconian
   359 | D        | Noticed a yellow draconian
   360 | D        | Noticed an Orb Guardian
   360 | D        | Noticed a green draconian
   369 | D        | Lost mutation: You are agile. (Dex +2) [Jiyva's grace]
   371 | D        | Killed an Orb Guardian
   374 | D        | Killed a quicksilver dragon
   379 | D        | Killed an Orb Guardian
   380 | D        | Reached XP level 12. HP: 25/72 MP: 12/12
   385 | D        | Killed a purple draconian
   388 | D        | Killed a purple draconian
   393 | D        | Lost mutation: You possess an exceptional clarity of mind.
                  | [Jiyva's grace]
   394 | D        | Killed a green draconian
   397 | D        | Killed a red draconian
   402 | D        | Killed a yellow draconian
   403 | D        | Killed a black draconian
   406 | D        | Killed a green draconian
   408 | D        | Killed a purple draconian
   414 | D        | Found a transporter.
   414 | D        | Gained mutation: Your magical capacity is low. (-10% MP)
                  | [Jiyva's grace]
   427 | D        | Gained mutation: You have supernaturally acute eyesight.
                  | (SInv) [Jiyva's grace]
   430 | D        | Entered arena 14.
   430 | D        | Noticed a white very ugly thing
   430 | D        | Noticed a cyan very ugly thing
   438 | D        | Lost mutation: Your spells are a little harder to cast, but
                  | a little more powerful. [Jiyva's grace]
   441 | D        | Killed a cyan very ugly thing
   443 | D        | Killed a white very ugly thing
   446 | D        | Found a transporter.
   453 | D        | Lost mutation: You have acidic saliva. [Jiyva's grace]
   456 | D        | Got the ring "Jiullorr" {Fire rN+}
   458 | D        | Got Nuinweuwn's Reference Book on the Cloudy Mountains
   463 | D        | Got the ring of the Everdark {rElec Str+4 Dex+3 SInv}
   474 | D        | Lost mutation: Your magical capacity is low. (-10% MP)
                  | [Jiyva's power]
   475 | D        | Lost mutation: You are dopey. (Int -2) [Jiyva's power]
   475 | D        | Gained mutation: Your muscles are strong. (Str +2) [Jiyva's
                  | grace]
   478 | D        | Entered arena 15.
   479 | D        | Noticed an ice dragon
   479 | D        | Noticed an ice dragon
   479 | D        | Gained mutation: Your muscles are very strong. (Str +4)
                  | [Jiyva's grace]
   482 | D        | Lost mutation: Your muscles are very strong. (Str +4)
                  | [Jiyva's grace]
   484 | D        | Gained mutation: You are partially covered in rugged brown
                  | scales. (AC +1, +3% HP) [Jiyva's grace]
   487 | D        | Found the +7 sceptre of Torment {pain, torment}
   490 | D        | Killed an ice dragon
   492 | D        | Reached skill level 1 in Evocations
   492 | D        | Found a transporter.
   494 | D        | Killed an ice dragon
   502 | D        | Lost mutation: Your body is covered in golden eyes which
                  | may confuse attackers. (Acc +7, SInv) [Jiyva's grace]
   512 | D        | Entered arena 16.
   512 | D        | Noticed a death ooze
   512 | D        | Noticed a death ooze
   512 | D        | Noticed a death ooze
   512 | D        | Noticed a death ooze
   514 | D        | Noticed an acid blob
   515 | D        | Found a transporter.
   515 | D        | Lost mutation: Your muscles are strong. (Str +2) [Jiyva's
                  | grace]
   515 | D        | Lost mutation: You have a small jelly attached to you that
                  | senses nearby items. [Jiyva's grace]
   515 | D        | Lost mutation: Your gelatinous body deflects attacks. (AC
                  | +3, EV +3) [Jiyva's grace]
   515 | D        | Gained mutation: You are partially covered in large bone
                  | plates. (SH +4) [Jiyva's grace]
   522 | D        | Got the ring of Tograkuh {rF+ Will+ Slay+3 Stlth+}
   522 | D        | Gained mutation: You are robust. (+10% HP) [Jiyva's grace]
   526 | D        | Got Sif Muna's Guide on Dark Summoning
   530 | D        | Entered arena 17.
   533 | D        | Noticed a reaper
   535 | D        | Found a transporter.
   537 | D        | Gained mutation: Your system is resistant to poisons.
                  | (rPois) [Jiyva's grace]
   543 | D        | Killed a reaper
   544 | D        | Reached XP level 13. HP: 87/87 MP: 13/13
   555 | D        | Got the Volume of Intoxication and the Volcanoes
   558 | D        | Got the Collected Works on Flight
   558 | D        | Lost mutation: You have supernaturally acute eyesight.
                  | (SInv) [Jiyva's grace]
   561 | D        | Got the ring "Higeafut" {Dex+5 Stlth+}
   563 | D        | Got the ring of Taicryeg {+Blink Int+4 Stlth-}
   569 | D        | Gained mutation: Armour fits poorly on your pseudopods.
                  | [Jiyva's grace]
   571 | D        | Entered arena 18.
   571 | D        | Noticed a death ooze
   571 | D        | Noticed a great orb of eyes
   571 | D        | Noticed an azure jelly
   573 | D        | Noticed an acid blob
   573 | D        | Noticed a death ooze
   574 | D        | Noticed a death ooze
   574 | D        | Gained mutation: You passively map a small area around you.
                  | [Jiyva's grace]
   576 | D        | Found the -2 hat of the Alchemist {rElec rPois rF+ rC+ rN+
                  | Will+ rMut rCorr}
   576 | D        | Found a transporter.
   576 | D        | Noticed a great orb of eyes
   579 | D        | Lost mutation: Your pliable body absorbs attacks. (AC +2,
                  | EV +2) [Jiyva's grace]
   582 | D        | Gained mutation: You are agile. (Dex +2) [Jiyva's grace]
   582 | D        | Gained mutation: You have a small jelly attached to you
                  | that may absorb incoming projectiles. [Jiyva's grace]
   584 | D        | Got the ring "Zawiuvviss" {rN++ Will+ Str+4}
   584 | D        | Gained mutation: You are covered in slimy tendrils that may
                  | disarm your opponents. [Jiyva's grace]
   585 | D        | Lost mutation: You are agile. (Dex +2) [Jiyva's grace]
   587 | D        | Gained mutation: Your muscles are strong. (Str +2) [Jiyva's
                  | grace]
   589 | D        | Got the amulet of Xihem {rElec rF+++ Regen+ Dex-4 Stlth-}
   590 | D        | Lost mutation: You have a small jelly attached to you that
                  | may absorb incoming projectiles. [Jiyva's grace]
   592 | D        | Gained mutation: You have a pair of small antennae on your
                  | head. [Jiyva's grace]
   595 | D        | Entered arena 19.
   599 | D        | Gained mutation: You have a small jelly attached to you
                  | that may absorb incoming projectiles. [Jiyva's grace]
   600 | D        | Found a transporter.
   601 | D        | Gained mutation: You passively map the area around you.
                  | [Jiyva's grace]
   611 | D        | Lost mutation: Your muscles are strong. (Str +2) [Jiyva's
                  | grace]
   624 | D        | Lost mutation: Armour fits poorly on your pseudopods.
                  | [Jiyva's grace]
   646 | D        | Lost mutation: Your body has grown many golden eyes which
                  | may confuse attackers. (Acc +5) [Jiyva's grace]
   649 | D        | Got the Papyrus of the Doomed Mountains
   655 | D        | Entered arena 20.
   659 | D        | Lost mutation: You passively map the area around you.
                  | [Jiyva's grace]
   660 | D        | Noticed a merfolk javelineer
   660 | D        | Noticed a merfolk impaler
   661 | D        | Noticed a merfolk impaler
   661 | D        | Noticed a merfolk impaler
   661 | D        | Noticed a merfolk impaler
   665 | D        | Found a transporter.
   673 | D        | Gained mutation: You expend magic power (3 MP) to
                  | strengthen your wands. [Jiyva's grace]
   673 | D        | Mangled by a merfolk impaler

Illustrated notes

Levels and vault maps discovered:
D:        sprint_v [room_start, room_1, room_2, room_3, room_4, room_5, room_6,
          room_7, room_8, room_9, room_10, room_11, room_12, room_13, room_14,
          room_15, room_16, room_17, room_18, room_19, room_20, room_21,
          room_22, room_23, room_24, room_25, room_26, room_27]

Skill      XL: |  1  2  3  4  5  6  7  8  9 10 11 12 13 |
---------------+----------------------------------------+-----
Shields        | 5 6 7 10 13 16 18 20 21 | 21.2
Unarmed Combat | 6 9 11 12 14 15 17 19 21 | 21.6
Dodging        | 7 9 |  9.6
Evocations     | 2 4 |  4.3
Fighting       | |  3.1
Throwing       | |  0.5
Stealth        | |  2.6

Action                   |  1- 3 |  4- 6 |  7- 9 | 10-12 | 13-15 || total
-------------------------+-------+-------+-------+-------+-------++-------
Melee: Unarmed           |     1 |    13 |    39 |   104 |    24 ||   181
       Tentacles         |     1 |     6 |    16 |    53 |     7 ||    83
       Punch             |       |     5 |     8 |    33 |     6 ||    52
       Constrict         |       |     2 |    12 |    26 |     3 ||    43
       Bite              |       |     1 |     1 |    27 |       ||    29
       Pseudopods        |       |       |       |    10 |     7 ||    17
Throw: Dart              |       |       |       |     1 |       ||     1
Invok: Request Jelly     |     1 |       |     1 |     1 |     1 ||     4
       Slimify           |       |     1 |       |       |       ||     1
       Cure Bad Mutation |       |       |       |     2 |       ||     2
Evoke: Wand              |     2 |     2 |     3 |       |     2 ||     9
       Box of beasts     |       |       |     1 |     3 |     1 ||     5
       Lightning rod     |       |       |     3 |     9 |     6 ||    18
       Phantom mirror    |       |       |       |     4 |       ||     4
       Phial of floods   |       |       |       |     2 |       ||     2
       Tin of tremorston |       |       |       |     2 |       ||     2
  Use: Potion            |     1 |       |     1 |    18 |     1 ||    21
       Scroll            |       |       |     1 |       |       ||     1
 Stab: Confused          |       |       |     1 |     6 |     2 ||     9
       Distracted        |       |       |       |     5 |       ||     5
Armor: Skin              |       |     1 |     2 |     1 |       ||     4
Dodge: Dodged            |       |     4 |    29 |    30 |    15 ||    78
Block: Kite shield       |     3 |    16 |    81 |   125 |    76 ||   301
